Cogmind - Beta 14 @@@ ROGUE MODE // 2024.08.30 @ 22:17:01 Player: Helstads_dog Result: Destroyed by UH-U8T(R) with Subdweller Laser Performance ------------- Evolutions (0) 0 Regions Visited (3) 600 Robots Destroyed (39) 195 Value Destroyed (532) 532 Prototype IDs (3) 60 Alien Tech Used (0) 0 Bonus (-30) -30 TOTAL SCORE: 1357 Bonus ------- Friendly Fire -30 Cogmind --------- Core Integrity 0/250 Matter 300/300 Energy 261/280 System Corruption 0% Temperature Cool (52) Movement Treading (160) Location -10/Subcaves Parts ------- > --- POWER (1) -------- Cooled Ion Engine > --- PROPULSION (2) --- Improved Treads Improved Treads > --- UTILITY (2) ------ Large Storage Unit Reflective Plating > --- WEAPON (2) ------- Beam Rifle Beamcaster > --- INVENTORY (15) --- Cooled Ion Engine Cooled Ion Engine Cooled Ion Engine Improved Treads Improved Treads Subdweller Monowheel Improved Heat Sink Reflective Plating Subdweller Laser Subdweller Machine Gun Barrage Gun Mining Laser Peak State ------------ > --- POWER ------------ Cooled Ion Engine > --- PROPULSION ------- Improved Treads Improved Treads > --- UTILITY ---------- Large Storage Unit Reflective Plating > --- WEAPON ----------- Beam Rifle Beamcaster > --- INVENTORY -------- Cooled Ion Engine Cooled Ion Engine Cooled Ion Engine Improved Treads Improved Treads Improved Heat Sink Reflective Plating Mining Laser [Rating: 20] Favorites ----------- Power Cooled Ion Engine Engine Cooled Ion Engine Propulsion Light Treads Treads Light Treads Utility Large Storage Unit Device ECM Suite Storage Large Storage Unit Processor Signal Interpreter Protection Reflective Plating Weapon Assault Rifle Energy Gun Medium Laser Energy Cannon Beam Cannon Ballistic Gun Assault Rifle Slashing Weapon Axe Build | -11 -10 -10 -10 ------- Run | Yrd Mat Min Sub Slots Evolved . | . . . . Power . | . . . . Propulsion . | . . . . Utility . | . . . . Weapon . | . . . . Parts Attached 41 | 6 24 7 4 Power 4 | 1 3 . . Engine 4 | 1 3 . . Core . | . . . . Reactor . | . . . . Propulsion 12 | 2 8 1 1 Treads 12 | 2 8 1 1 Leg . | . . . . Wheel . | . . . . Hover . | . . . . Flight . | . . . . Utility 10 | 1 6 2 1 Device 1 | . 1 . . Storage 3 | 1 2 . . Processor 3 | . 3 . . Hackware . | . . . . Protection 3 | . . 2 1 Artifact . | . . . . Weapon 15 | 2 7 4 2 Energy Gun 9 | 1 5 1 2 Energy Cannon 2 | . . 2 . Ballistic Gun 3 | 1 2 . . Ballistic Cannon . | . . . . Launcher . | . . . . Special Weapon . | . . . . Impact Weapon . | . . . . Slashing Weapon 1 | . . 1 . Piercing Weapon . | . . . . Special Melee Weapon . | . . . . Unidentified Prototypes 1 | . 1 . . Parts Lost 6 | . . 2 4 Power . | . . . . Propulsion 1 | . . . 1 Utility 1 | . . . 1 Weapon 4 | . . 2 2 Highest Loss Streak 3 | . . 1 3 To Critical Strikes . | . . . . Average Slot Usage (%) 99 | . 98 99 99 Engine 13 | . 13 14 14 Treads 27 | . 27 28 28 Device 3 | . 2 5 . Storage 14 | . 14 14 14 Processor 5 | . 11 . . Protection 5 | . . 8 13 Energy Gun 15 | . 13 13 26 Energy Cannon 4 | . . 11 . Ballistic Gun 7 | . 13 2 . Peak Build Rating 20 | 6 13 16 20 Average Rating 11 | 4 9 13 19 On Entrance 8 | . 6 13 13 Naked Turns . | . . . . Heaviest Build 40 | 13 35 37 40 Greatest Support 46 | 40 46 43 46 Greatest Overweight (x) . | . . . . Average Overweight (x) . | . . . . Largest Inventory Capacity 15 | 8 15 15 15 Average Capacity 12 | 6 9 15 15 Most Carried 12 | 2 11 12 12 Average Carried 9 | . 7 10 10 Final Capacity 15 | 8 15 15 15 Final Carried 12 | 2 11 12 12 Class Distribution -------------------- 100% | Mutant Dominant Class ---------------- Mutant | -10/Materials Mutant | -10/Mines Mutant | -10/Subcaves Resources | -11 -10 -10 -10 ----------- Run | Yrd Mat Min Sub Matter Collected 785 | 260 296 194 35 Remotely . | . . . . Salvage Created 1146 | . 585 415 146 Parts 69 | . 44 17 8 Haulers Intercepted 2 | . 2 . . Recyclers Shooed 2 | . 1 1 . Parts Field Recycled . | . . . . Retrieved Matter . | . . . . Parts Self-Destructed 6 | . . . 6 Prevented . | . . . . Kills | -11 -10 -10 -10 ------- Run | Yrd Mat Min Sub Combat Hostiles Destroyed 28 | . 12 13 3 Guns 23 | . 12 8 3 Cannons 4 | . . 4 . Classes Destroyed 10 | . 6 3 1 Worker 2 | . 2 . . Builder 3 | . 1 2 . Tunneler 1 | . . 1 . Hauler 2 | . 2 . . Recycler 3 | . 2 1 . Watcher 3 | . 3 . . Swarmer 19 | . 12 7 . Grunt 3 | . . 3 . Subdweller 3 | . . . 3 Assembled 3 | . . 3 . Best Kill Streak 8 | . 8 3 2 Combat Bots Only 4 | . 4 2 2 Max Kills in Single Turn 1 | . 1 1 1 Gunslinging . | . . . . Exploded . | . . . . Melee . | . . . . Uniques/NPCs Destroyed . | . . . . Combat | -11 -10 -10 -10 -------- Run | Yrd Mat Min Sub Hostile Shots Fired 185 | . 79 86 20 Missed 57 | . 29 25 3 Damage Taken 1551 | . 395 633 523 Core 250 | . 73 107 70 Absorbed by Shields . | . . . . Ignored by Resistances 10 | . . . 10 Core Remaining (%) 100 | 100 . . . Volleys Fired 139 | . 56 64 19 Largest 2 | . 2 2 2 Hottest 135 | . 76 116 135 Shots Fired 259 | . 101 123 35 Gun 215 | . 101 84 30 Cannon 44 | . . 39 5 Launcher . | . . . . Special . | . . . . Kinetic 74 | . 49 25 . Thermal 185 | . 52 98 35 Explosive . | . . . . Electromagnetic . | . . . . Robot Hit Streak 11 | . 8 5 11 Robot Miss Streak 5 | . 5 3 2 Penetration Max . | . . . . Secondary Targets 4 | . 2 1 1 Max Gunslinging Chain 1 | . 1 1 1 Shots Hit Robots 139 | . 49 69 21 Core Hits 56 | . 25 25 6 Critical Kills . | . . . . Critical Parts Destroyed . | . . . . Critical Strikes 7 | . 3 3 1 Burn 7 | . 3 3 1 Melee Attacks 1 | . . 1 . Impact . | . . . . Slashing 1 | . . 1 . Piercing . | . . . . Sneak Attacks . | . . . . Combat Hostiles . | . . . . Follow-up Attacks . | . . . . Damage Inflicted 2108 | . 616 1117 375 Guns 1603 | . 616 664 323 Cannons 505 | . . 453 52 Explosions . | . . . . Melee . | . . . . Ramming . | . . . . Kinetic 543 | . 327 216 . Thermal 1565 | . 289 901 375 Explosive . | . . . . Electromagnetic . | . . . . Impact . | . . . . Slashing . | . . . . Piercing . | . . . . Highest Corruption . | . . . . Average Corruption . | . . . . Corruption Purged . | . . . . Corruption Blocked . | . . . . Overload Shots . | . . . . Overflow Damage 15 | . . 15 . Projectiles 15 | . . 15 . Explosions . | . . . . Melee . | . . . . Knockbacks . | . . . . Impact . | . . . . Kinetic . | . . . . Secondary . | . . . . Self-Inflicted Damage . | . . . . Shots . | . . . . Rammed . | . . . . Targets Rammed . | . . . . Kicked . | . . . . Crushed . | . . . . Highest Temperature 492 | . 54 492 45 Average Temperature 101 | . 15 147 20 Received Heat Transfer 310 | . . 256 54 Effects 8 | . . 8 . Shutdowns 2 | . . 2 . Energy Bleed 3 | . . 3 . Interference 2 | . . 2 . Matter Decay 1 | . . 1 . Siege Activations . | . . . . Robots Corrupted . | . . . . Combat Hostiles . | . . . . Parts Fried . | . . . . Impact Corruptions . | . . . . Robots Melted 1 | . . 1 . Combat Hostiles 1 | . . 1 . Parts Melted 5 | . 2 1 2 Heat Transferred 4220 | . 964 2405 851 Parts Sabotaged . | . . . . Parts Stolen . | . . . . Parts Stripped . | . . . . Power Chain Reactions . | . . . . Alert | -11 -10 -10 -10 ------- Run | Yrd Mat Min Sub Peak Influence 282 | . 282 144 . Initial 4 | . . 4 . Average 48 | . 58 39 . Maximum Alert Level 1 | . 1 . . Low Security (%) 92 | 100 86 100 . Level 1 7 | . 13 . . Level 2 . | . . . . Level 3 . | . . . . Level 4 . | . . . . Level 5 . | . . . . High Security . | . . . . Max Security . | . . . . Squads Dispatched 1 | . . 1 . Investigation 1 | . . 1 . Extermination . | . . . . Reinforcement . | . . . . Assault . | . . . . Garrison . | . . . . Intercept . | . . . . Searches Triggered . | . . . . Construction Impeded . | . . . . Haulers Reinforced . | . . . . Active Scanning Responses . | . . . . Cargo Convoy Interrupts . | . . . . Stealth | -11 -10 -10 -10 --------- Run | Yrd Mat Min Sub Distress Signals 1 | . 1 . . Communications Jammed . | . . . . Distress Signals . | . . . . Times Spotted 42 | . 20 16 6 Peak Tracking Total 5 | . 5 3 2 Tactical Retreats 6 | . 3 3 . Traps | -11 -10 -10 -10 ------- Run | Yrd Mat Min Sub Traps Triggered 4 | . 4 . . Indirectly . | . . . . Trap Hack Attempts . | . . . . Triggered . | . . . . Disarmed . | . . . . Reprogrammed . | . . . . Reused . | . . . . Traps Extracted . | . . . . Installed . | . . . . Triggered . | . . . . Machines | -11 -10 -10 -10 ---------- Run | Yrd Mat Min Sub Machines Disabled . | . . . . Max in Single Turn . | . . . . Machines Repaired . | . . . . Machines Dismantled . | . . . . Machines Sabotaged . | . . . . Overloaded Fab Kills . | . . . . Hacking | -11 -10 -10 -10 --------- Run | Yrd Mat Min Sub Machines Accessed 11 | . 10 1 . Terminals 8 | . 8 . . Fabricators . | . . . . Repair Stations . | . . . . Recycling Units 2 | . 2 . . Scanalyzers . | . . . . Garrison Access . | . . . . Total Hacks 35 | . 34 1 . Successful 15 | . 14 1 . Failed 19 | . 19 . . Catastrophic 4 | . 4 . . Database Lockouts 1 | . 1 . . Manual 15 | . 15 . . Terminals 30 | . 30 . . Fabricators . | . . . . Repair Stations . | . . . . Recycling Units 4 | . 4 . . Scanalyzers . | . . . . Garrison Access . | . . . . Terminal Hacks 12 | . 11 1 . Record 1 | . 1 . . Prototype ID Bank 1 | . 1 . . Open Door 1 | . . 1 . Emergency Access Points 1 | . 1 . . Terminal Index 1 | . 1 . . Alert Level 3 | . 3 . . Unreport Threat 1 | . 1 . . Dispatch Records 1 | . 1 . . Transport Status 1 | . 1 . . Zone Layout 1 | . 1 . . Fabricator Hacks . | . . . . Repair Station Hacks . | . . . . Recycling Unit Hacks 3 | . 3 . . Report Inventory 2 | . 2 . . Retrieve Matter 1 | . 1 . . Scanalyzer . | . . . . Garrison Access Hacks . | . . . . Unauthorized Hacks . | . . . . Terminals . | . . . . Fabricators . | . . . . Repair Stations . | . . . . Recycling Units . | . . . . Scanalyzers . | . . . . Garrison Access . | . . . . Data Cores Recovered . | . . . . Used . | . . . . Hacking Detections 7 | . 7 . . Full Trace Events . | . . . . Feedback Events . | . . . . Feedback Blocked . | . . . . Robot Schematics Acquired . | . . . . Robots Built . | . . . . Authchips . | . . . . Time . | . . . . Total Robot Build Rating . | . . . . Part Schematics Acquired . | . . . . Parts Built . | . . . . Authchips . | . . . . Time . | . . . . Total Part Build Rating . | . . . . Parts Repaired . | . . . . Time . | . . . . Parts Recycled . | . . . . Recycled Matter . | . . . . Retrieved Matter 192 | . 192 . . Retrieved Components . | . . . . Parts Scanalyzed . | . . . . Part Schematics Acquired . | . . . . Parts Damaged . | . . . . Bothacking | -11 -10 -10 -10 ------------ Run | Yrd Mat Min Sub Used RIF Installer . | . . . . Robots Hacked . | . . . . Non-combat . | . . . . Combat . | . . . . Robot Hacks Applied . | . . . . Relay Couplers Released . | . . . . Fabnet Peak Effective % . | . . . . Robots Rewired . | . . . . Allies Hacked . | . . . . Hacks Repelled . | . . . . Allies | -11 -10 -10 -10 -------- Run | Yrd Mat Min Sub Total Allies . | . . . . Largest Group . | . . . . Highest-Rated Group . | . . . . Highest-Rated Ally . | . . . . Total Orders . | . . . . Ally Attacks . | . . . . Total Damage . | . . . . Kills . | . . . . Allies Corrupted . | . . . . Allies Melted . | . . . . Intel | -11 -10 -10 -10 ------- Run | Yrd Mat Min Sub Robot Analysis Total . | . . . . Derelict Logs Recovered 1 | . . 1 . Drone Launches . | . . . . Drone Recoveries . | . . . . Exploration | -11 -10 -10 -10 ------------- Run | Yrd Mat Min Sub Turns Passed 3823 | 61 1812 1541 409 Spaces Moved 1997 | 34 963 788 212 Core 3 | 3 . . . Treads 1994 | 31 963 788 212 Legs . | . . . . Wheels . | . . . . Hover . | . . . . Flight . | . . . . Fastest Speed 50 | 50 160 160 160 Average Speed 159 | 150 160 160 160 Slowest Speed 160 | 160 160 160 160 Overloaded Moves . | . . . . Propulsion Burnouts . | . . . . Robots Hopped . | . . . . Cave-ins Triggered . | . . . . Exploration Rate (%) 54 | 3 99 99 18 Regions Visited 3 Branch Regions 2 Pre-discovered Areas 1 | . . . 1 Known Exits Taken 1 | . 1 . . Unknown Exits Taken 2 | 1 . 1 . Scrap Searched 1 | . . 1 . Spaces Dug 1 | . . 1 . Terrain Destroyed 1 | . . 1 . Melee 1 | . . 1 . Projectile . | . . . . AOE . | . . . . Terrain Rammed . | . . . . Walls Destroyed . | . . . . Machines Disabled . | . . . . Actions | -11 -10 -10 -10 --------- Run | Yrd Mat Min Sub Total 2367 | 41 1134 944 248 Wait 139 | . 55 75 9 Move 1994 | 33 962 787 212 Hop . | . . . . Pick Up 31 | 2 19 6 4 Fast Attach 19 | 6 13 . . Attach 10 | . 2 4 4 Detach 2 | . 1 1 . Swap 12 | . 9 3 . Drop 20 | . 17 3 . Fire 139 | . 56 64 19 Melee 1 | . . 1 . Ram . | . . . . Kick . | . . . . Crush . | . . . . Escape Stasis . | . . . . Rewire . | . . . . Trap . | . . . . Miscellaneous . | . . . . Route ------- -11/Scrapyard -10/Materials (discovered 5 exits: *Mat x3 / *Min x2) -10/Mines (discovered 3 exits: *Mat x2 / [*Sub]) -10/Subcaves History --------- Turn | Location | Event 6 | -11/Scrapyard | Discovered new exit (range 16) 62 | -11/Scrapyard | Entered Materials 70 | -10/Materials | Discovered new exit (range 15) 304 | -10/Materials | Build established: Mutant 484 | -10/Materials | Discovered new exit (range 14) 705 | -10/Materials | Discovered new exit (range 5) 911 | -10/Materials | Discovered new exit (range 7) 920 | -10/Materials | Identified exit to Materials 1306 | -10/Materials | Discovered exit to Materials (range 15) 1397 | -10/Materials | Central database locked down 1494 | -10/Materials | Identified exit to Mines 1874 | -10/Materials | Entered Mines 1879 | -10/Mines | Met a Derelict bent on vengeance 1992 | -10/Mines | Discovered exit to Materials (range 14) 2188 | -10/Mines | Core integrity fell below 50% 2261 | -10/Mines | Assembled infested the area 2266 | -10/Mines | Assisted by a Guerilla fighting off Assembled 2450 | -10/Mines | Met a Derelict shopkeep closing up shop 2892 | -10/Mines | Discovered exit to Materials (range 11) 3399 | -10/Mines | Discovered new exit (range 10) 3415 | -10/Mines | Entered Subcaves 3465 | -10/Subcaves | Lost 3 parts (1n2w) 3472 | -10/Subcaves | Disturbed a concealed Subdweller 3478 | -10/Subcaves | Core integrity fell below 20% 3498 | -10/Subcaves | Learned location of Zion (-7) 3498 | -10/Subcaves | Met a Zionite searching for "candidates" 3705 | -10/Subcaves | Shifting Twisted Machinery released Sub. Machine Gun 3705 | -10/Subcaves | Shifting Twisted Machinery released Barrage Gun 3824 | -10/Subcaves | Destroyed by UH-U8T(R) with Subdweller Laser Last Messages --------------- 03498_ 6G-EJC(z): "Hey you! It's really dangerous down here, I feel that you could die at any moment. For your health and safety might I suggest a trip to Zion?" World map updated: -7/Zion. 03514_ Lgt. Armor Plating destroyed. 03519_ UT-SYX(R) destroyed. 03519_ Switching to secondary target: A7-0AK(R). 03522_ Sub. Laser melted. 03522_ A7-0AK(R) destroyed. 03527_ Acquired 10 matter. 03534_ Acquired Sub. Monowheel. 03541_ Subatomizers dissect the Mak. Leg. 03588_ Acquired Sub. Laser. 03628_ ZZ-MMJ(u) builds Twisted Machinery. Sub. Machine Gun falls loose from the Twisted Machinery. Barrage Gun falls loose from the Twisted Machinery. 03720_ Acquired Sub. Machine Gun. 03742_ Acquired Barrage Gun. 03823_ 1S-RSW(R) suffers critical hit (Burn). 03823_ 1S-RSW(R) overheating. Map ----- +----------------------------------------------------+ | ?????????????????# "" " #?????????????? | | ?????????????????# "" "" ##?????????????? | | ?????????????????# " "" " #??????????????? | | ?????????????????# ## "" "" ##??????????????? | | ?????????????????###?# """"" ###?????????????? | | ????????????????????? """### #?????????????? | | ????????????????????## ""#### ##?????????????? | | ???????????????????### """#?# #??????????????? | | ??????????????????##" "" "#?# #??????????????? | | ?????????????????##" "##""###" #??????????????? | | ????????????????##" "##" """ #??????????????? | | ????????????????#"" "" """ #??????????????? | | ????????????????#"" "" #??????????????? | | ????????????????#"""" " ##??????????????? | | ????????????????##""" ## #???????????????? | | ?????????????????###"## ## #???????????????? | | ???????????????????#### ## ???????????????? | | ??????????????????????# ## ##??????????????? | | ??????????????????????# ### #??????????????? | | ??????????????????????## #???????????????? | | ??????????????????????# ## #???????????????? | | ??????????????????????# #?# #???????????????? | | ??????????????????????# ### #???????????????? | | ??????????????????????# ## #???????????????? | | ??????????????????????# #? ???????????????? | | ??????????????????????## @ #? #???????????????? | | ??????????????????????# ##? ????????????????? | | ??????????????????????##RR ?? #????????????????? | | ??????????????????????? " ???????????????????? | | ?????????????????????? " ###??????????????????? | | ????????????????????? #????????????????????? | | ????????????????????? ????????????????????? | | ???????????????????? """"????????????????????? | | ???????????????????"" """"????????????????????? | | ??????????????????"""" """"????????????????????? | | ????????????????????"""?"""????????????????????? | | ???????????????????????????????????????????????? | | ???????????????????????????????????????????????? | | ???????????????????????????????????????????????? | | ???????????????????????????????????????????????? | | ???????????????????????????????????????????????? | | ???????????????????????????????????????????????? | | ???????????????????????????????????????????????? | | ???????????????????????????????????????????????? | | ???????????????????????????????????????????????? | | ???????????????????????????????????????????????? | | ???????????????????????????????????????????????? | | ???????????????????????????????????????????????? | | ???????????????????????????????????????????????? | | ???????????????????????????????????????????????? | +----------------------------------------------------+ Best States ------------- Heat Dissipation 25 Energy Generation 14 Energy Capacity 280 Matter Stores 300 Matter Capacity 300 Sight Range 16 Terrain Scan Density 85 ECM Strength 1 Armor Coverage 150 Resistance: TH 10 Evasion (%) 40 Targeting Accuracy 5 Recoil Reduction 2 Item Schematics ----------------- None Robot Schematics ------------------ None Fabricated ------------ Nothing Alien Tech Used ----------------- None Achievements -------------- None Challenges ------------ None Game ------ Seed DamperHypercooledFacilitator Manual? 0 Play Time 00:57:44 Cumulative 10.1 hours Start 2024.08.30 @ 21:00:58 End 2024.08.30 @ 22:17:01 Sessions 1 Manual Loads 0 Difficulty Rogue Special Mode None Game No. 7 Rogue 7 Adventurer 0 Explorer 0 Win Type - Total 0 Types 0/0/0/0/0/0/0/0/0 Lore% 6 Gallery% 8 Achievement% 30 Wizard Run 0 Options --------- Layout 0 ASCII 0 Keyboard 0 Movement Mouse Keybinds 0 Fullscreen 1 Font 16/SmallcapsGlow Map View 37x27 Zoom Use 78% Tactical HUD 1 Map Filters NONE Filters NONE Steam 1 RUN: f1245398-4942-462c-94d1-8f38259f1015